 Dungeon Crawl Stone Soup version 0.30.0-16-gbe6223bb7e (webtiles) character file.

Game seed: 7006209617125673870

752 KingMidas the Cudgeller (level 7, -5/71 HPs)
             Began as an Ogre Gladiator on May 20, 2023.
             Slain by a wyvern (13 damage)
             ... on level 4 of the Dungeon.
             The game lasted 00:11:59 (5508 turns).

KingMidas the Cudgeller (Ogre Gladiator)            Turns: 5508, Time: 00:11:59

Health: -5/71      AC:  4    Str: 21    XL:     7   Next: 78%
Magic:  7/7        EV: 10    Int:  9    God:
Gold:   228        SH:  0    Dex: 10    Spells: 6/6 levels left

rFire   . . .        a - +1 flail (drain)
rCold   . . .        (no shield)
rNeg    . . .        b - +0 robe
rPois   .            c - +1 hat
rElec   .            (no cloak)
rCorr   .            (gloves unavailable)
SInv    .            (boots unavailable)
Will    .....        (no amulet)
Stlth   +            t - ring of flight
HPRegen 0.31/turn    (no ring)
MPRegen 0.10/turn

%: no passive effects
@: flying
A: large, unfitting armour, tough skin 1
a: no special abilities


You were on level 4 of the Dungeon.
You visited 1 branch of the dungeon, and saw 4 of its levels.

You collected 228 gold pieces.

Inventory:

Hand Weapons
 a - a +1 flail of draining (weapon)
Missiles
 e - a large rock (quivered)
 g - 3 boomerangs
 h - 7 poisoned darts
Armour
 b - a +0 robe (worn)
 c - a +1 hat (worn)
Jewellery
 t - a ring of flight (left hand)
Scrolls
 i - a scroll of fog
 j - 2 scrolls of immolation
 m - a scroll of magic mapping
 o - a scroll of amnesia
Potions
 l - a potion of brilliance
 s - 2 potions of mutation


   Skills:
 + Level 4.6 Fighting
 * Level 7.6 Maces & Flails
 + Level 2.4 Throwing
 - Level 2.6 Dodging


You had 6 spell levels left.
You didn't know any spells.
Your spell library contained the following spells:

 Spells                   Type           Power      Damage    Failure   Level
 Poisonous Vapours        Pois/Air       0%         N/A       52%         2
 Vhi's Electric Charge    Tloc/Air       0%         N/A       77%         3
 Summon Lightning Spire   Summ/Air       0%         N/A       99%         4
 Arcjolt                  Conj/Air       0%         1d10      100%        5
 Statue Form              Tmut/Erth      0%         N/A       100%        6
 Maxwell's Capacitive Co  Air            0%         ∞         100%        8


Dungeon Overview and Level Annotations

Branches:
Dungeon (4/15)
 Temple: D:4-7

Altars:
Wu Jian

Annotations:
D:2 1 runed translucent door, Crazy Yiuf
D:4 3 runed translucent doors, Jackthecabe's ghost, amateur DsWr


Innate Abilities, Weirdness & Mutations

You are too large for most types of armour.
You have tough skin. (AC +1)


Message History

Press: ? - help, Shift-Dir - straight line, f/p - wyvern
Aim: a wyvern (lightly wounded, 59% to hit)
You throw a large rock.
The large rock closely misses the wyvern.
Throw: 2 large rocks
Press: ? - help, Shift-Dir - straight line, f/p - wyvern
Aim: a wyvern (lightly wounded, 59% to hit)
You throw a large rock.
The large rock hits the wyvern and shatters for extra damage.
The wyvern is moderately wounded.
The wyvern bites you!
* * * LOW HITPOINT WARNING * * *
The wyvern bites you!
* * * LOW HITPOINT WARNING * * *
You feel better. The wyvern bites you!
* * * LOW HITPOINT WARNING * * *
The wyvern barely misses you.
You feel better. The wyvern barely misses you.
Throw: throwing net
Press: ? - help, Shift-Dir - straight line, f/p - wyvern
Aim: a wyvern (moderately wounded, 59% to hit)
You throw a throwing net. The throwing net hits the wyvern.
The wyvern is caught in the net!
The wyvern is moderately wounded.
The wyvern struggles against the net. x2
You catch the helpless wyvern completely off-guard!
You hit the wyvern.
The wyvern is heavily wounded.
The wyvern struggles against the net.
You thump the wyvern! You drain the wyvern.
The wyvern is almost dead.
The wyvern struggles against the net.
The net rips apart, and the wyvern comes free!
The wyvern hisses menacingly.
The wyvern bites you.
* * * LOW HITPOINT WARNING * * *
You barely miss the wyvern.
The wyvern is almost dead.
The wyvern bites you!
You die...

##################
.........((......#
..#...#...#...#..#
................_#
..#...#$..#...#l.#
.......l.)......@#
##################
...........#
...........#
...........######
................#
.............####
..##.....#.###
######.(...#####


You could see a wyvern (drained).

Vanquished Creatures
  Sigmund (D:2)
  Eustachio (D:4)
  Menkaure (D:4)
  2 scorpions
  A hound (D:4)
  6 adders
  3 gnolls
  6 worms
  7 ball pythons
  13 endoplasms
  5 giant cockroaches
  7 goblins
  10 hobgoblins
  3 quokkas
  8 bats
  2 frilled lizards
  10 kobolds
  9 rats
95 creatures vanquished.

Notes
Turn   | Place    | Note
-------+----------+-------------------------------------------
     0 | D:1      | KingMidas the Ogre Gladiator began the quest for the Orb.
     0 | D:1      | Reached XP level 1. HP: 22/22 MP: 1/1
    90 | D:1      | Reached skill level 3 in Maces & Flails
   102 | D:1      | Reached XP level 2. HP: 24/29 MP: 2/2
   396 | D:1      | Reached XP level 3. HP: 30/36 MP: 3/3
   603 | D:1      | Got the Papyrus of Excavation and Turbulence
   845 | D:2      | Reached skill level 4 in Maces & Flails
  1136 | D:2      | Reached XP level 4. HP: 42/44 MP: 4/4
  1212 | D:2      | Noticed a scorpion
  1217 | D:2      | Killed a scorpion
  1218 | D:2      | Reached skill level 5 in Maces & Flails
  1220 | D:2      | Reached XP level 5. HP: 14/50 MP: 5/5
  1752 | D:2      | Noticed Sigmund
  1769 | D:2      | Killed Sigmund
  1770 | D:2      | Reached skill level 6 in Maces & Flails
  1770 | D:2      | Reached XP level 6. HP: 33/59 MP: 6/6
  1996 | D:2      | Found a runed translucent door.
  1997 | D:2      | Noticed Crazy Yiuf
  3649 | D:4      | Noticed Eustachio
  4292 | D:4      | Found a runed translucent gate.
  4297 | D:4      | Found a runed translucent gate.
  4298 | D:4      | Found a runed translucent gate.
  4342 | D:4      | Noticed Jackthecabe's ghost (amateur DsWr)
  4590 | D:4      | Reached XP level 7. HP: 60/67 MP: 7/7
  4634 | D:4      | Reached skill level 7 in Maces & Flails
  4707 | D:4      | Noticed Menkaure
  4724 | D:4      | Killed Menkaure
  5249 | D:4      | Killed Eustachio
  5455 | D:4      | Noticed a wyvern
  5470 | D:4      | Found an ornate altar of the Wu Jian Council.
  5503 | D:4      | HP: 1/71 [wyvern (9)]
  5508 | D:4      | Slain by a wyvern

Illustrated notes

Levels and vault maps discovered:
D:1:      dpeg_arrival_round_a, layout_rooms, hangedman_decor_push,
          hangedman_abyss_or_decor_lesser_grid
D:2:      minmay_skewed_foursquare, layout_rooms, uniq_crazy_yiuf_cottage,
          uniq_sigmund
D:3:      layout_rooms, nicolae_eternal_life, nicolae_wormholes
D:4:      layout_rooms, lemuel_coloured_pillars_altar,
          ebering_ghost_rock_garden, minmay_misc_feat_nine_boxes, uniq_menkaure,
          uniq_eustachio

Skill      XL: |  1  2  3  4  5  6  7 |
---------------+----------------------+-----
Maces & Flails | 3 4 5 6 7 |  7.6
Fighting       | 3 4 |  4.6
Throwing       | |  2.4
Dodging        | |  2.6

Action                     |  1- 3 |  4- 6 |  7- 9 || total
---------------------------+-------+-------+-------++-------
  Melee: Flail             |   111 |   170 |    53 ||   334
         Punch             |     2 |       |     1 ||     3
  Throw: Throwing net      |       |     3 |     4 ||     7
         Large rock        |       |       |     4 ||     4
    Use: Scroll            |     5 |     5 |     6 ||    16
         Potion            |       |     1 |     3 ||     4
   Stab: Held in net/web   |       |     1 |     1 ||     2
 Armour: Robe              |    42 |    57 |    15 ||   114
  Dodge: Dodged            |    58 |   132 |    47 ||   237
